 Dungeon Crawl Stone Soup version 0.19.1 (webtiles) character file.

389 dvd the Stinger (level 6, -3/38 HPs)
             Began as an Octopode Venom Mage on Dec 7, 2016.
             Slain by a centaur (6 damage)
             ... on level 5 of the Dungeon.
             The game lasted 00:10:02 (4989 turns).

dvd the Stinger (Octopode Venom Mage)               Turns: 4989, Time: 00:10:03

Health: -3/38      AC:  1    Str:  8    XL:     6   Next: 79%
Magic:  10/11      EV: 12    Int: 19    God:
Gold:   258        SH:  3    Dex: 12    Spells: 2 memorised, 7 levels left

rFire  . . .     SeeInvis .     r - +3 trident
rCold  . . .     Gourm    .     u - +0 buckler
rNeg   . . .     Faith    .     (helmet restricted)
rPois  .         Spirit   .     (no amulet)
rElec  .         Reflect  .     (no ring)
rCorr  .         Harm     .     (no ring)
MR     .....                    (no ring)
Stlth  +++.......               (no ring)
                                (no ring)
                                (no ring)
                                (no ring)
                                (no ring)

@: very slightly contaminated, heavily drained
A: almost no armour, stealthy swim, amphibious, 8 rings, constrict 8, camouflage
1, gelatinous body 1
a: no special abilities


You were on level 5 of the Dungeon.
You were very hungry.

You visited 1 branch of the dungeon, and saw 5 of its levels.

You collected 258 gold pieces.

Inventory:

Hand Weapons
 i - a +0 short sword
 l - a cursed -2 dagger
 r - a +3 trident (weapon)
 t - a +0 spear of venom
Missiles
 h - 4 tomahawks (quivered)
Armour
 u - a +0 buckler (worn)
 y - a +0 shield
Jewellery
 c - an uncursed amulet of harm
Scrolls
 m - 3 scrolls of identify {unknown}
 q - a scroll of recharging {unknown}
 s - a scroll of remove curse
 v - a scroll of enchant armour {unknown}
 w - a scroll of enchant weapon {unknown}
 x - 2 scrolls of fear {unknown}
Potions
 d - a potion of curing {unknown}
 e - 2 potions of lignification {unknown}
 j - a potion of haste {unknown}
 k - a potion of mutation {unknown}
 n - a potion of heal wounds {unknown}
 o - 2 potions of degeneration {unknown}
Books
 a - a Young Poisoner's Handbook

   Spells                             Type                      Level
   a - Sting                          Conjuration/Poison           1
   b - Mephitic Cloud                 Conjuration/Poison/Air       3
   c - Olgreb's Toxic Radiance        Poison                       4
   d - Alistair's Intoxication        Transmutation/Poison         5
   e - Venom Bolt                     Conjuration/Poison           5
Comestibles
 b - 5 bread rations
 g - a beef jerky
 p - 2 meat rations


   Skills:
 + Level 1.0(0.0) Fighting
 + Level 0.8(0.0) Short Blades
 + Level 1.9(0.3) Polearms
 + Level 2.4(0.8) Dodging
 + Level 4.7(3.1) Stealth
 + Level 3.7(2.1) Spellcasting
 + Level 1.7(0.1) Conjurations
 + Level 6.1(4.4) Poison Magic


You had 7 spell levels left.
You knew the following spells:

 Your Spells              Type           Power        Failure   Level  Hunger
a - Sting                 Conj/Pois      ##..         14%         1    #......
b - Olgreb's Toxic Radia  Pois           ###.....     43%         4    #####..


Dungeon Overview and Level Annotations

Branches:
Dungeon (5/15)
 Temple: D:4-7

Altars:

Annotations:
D:4 dscm's ghost, weakling GrEE


Innate Abilities, Weirdness & Mutations

You cannot wear most types of armour.
You are very stealthy in the water. (Stealth+)
You are amphibious.
You can wear up to eight rings at the same time.
You can use your tentacles to constrict eight enemies at once.
Your skin changes colour to match your surroundings (Stealth+).
Your rubbery body absorbs attacks. (AC +1, EV +1)


Message History

The hound barks!
Found a scroll labeled JEDOHA HAON and an arrow.
The centaur unwields an uncursed shortbow.
The centaur closely misses you. x2
You closely miss the centaur. You block the hound's attack.
The centaur hits you. The hound bites you. The centaur hits you!
* * * LOW HITPOINT WARNING * * *
Unknown command.
Casting: Sting
Confirm with . or Enter, or press ? or * to list all spells.
Aiming: Sting
Press: ? - help, Shift-Dir - straight line, f - centaur
Aim: a centaur You miscast Sting.
You are very lightly contaminated with residual magic.
You are momentarily dazzled by a flash of light!
The hound bites you.
* * * LOW HITPOINT WARNING * * *
The centaur hits you.
You die...

#...........#
#..(.(..)...#
#...(.......#
##...........#
#............#
#............
#....########
..###.c..#
.......@.#
........h#
................
................
.....?..........
.....###........
..... #.....(..
##### #........
#########


You could see a centaur and a hound.

Vanquished Creatures
  A sky beast (D:4)
  A howler monkey (D:4)
  A crimson imp (D:4)
  2 orc wizards (D:3)
  A hound skeleton (D:4)
  4 gnolls (D:4)
  3 adders
  2 oozes
  5 worms
  A dart slug (D:2)
  2 leopard geckos
  3 orcs
  3 giant cockroaches
  4 goblins (D:1)
  7 hobgoblins
  3 quokkas (D:3)
  A ball python (D:2)
  12 bats
  4 frilled lizards
  5 kobolds
  A leopard gecko skeleton (D:4)
  5 rats
71 creatures vanquished.

Notes
Turn   | Place    | Note
-------+----------+-------------------------------------------
     0 | D:1      | dvd the Octopode Venom Mage began the quest for the Orb.
     0 | D:1      | Reached XP level 1. HP: 11/11 MP: 3/3
    48 | D:1      | Reached skill level 5 in Poison Magic
   165 | D:1      | Reached XP level 2. HP: 17/17 MP: 3/5
  1107 | D:2      | Reached XP level 3. HP: 21/21 MP: 0/6
  1863 | D:2      | Reached skill level 1 in Conjurations
  2170 | D:2      | Reached XP level 4. HP: 25/27 MP: 2/7
  2224 | D:2      | Learned a level 4 spell: Olgreb's Toxic Radiance
  2886 | D:3      | Reached XP level 5. HP: 23/31 MP: 1/9
  3715 | D:4      | Noticed a sky beast
  3732 | D:4      | Killed a sky beast
  3732 | D:4      | Reached skill level 6 in Poison Magic
  3732 | D:4      | Reached XP level 6. HP: 18/37 MP: 4/11
  3920 | D:4      | Reached skill level 1 in Fighting
  3920 | D:4      | Reached skill level 1 in Polearms
  3967 | D:4      | Noticed dscm's ghost (weakling GrEE)
  4973 | D:5      | Entered Level 5 of the Dungeon
  4989 | D:5      | Slain by a centaur

Skill      XL: |  1  2  3  4  5  6 |
---------------+-------------------+-----
Poison Magic   | 5 6 |  6.1
Stealth        | 3 4 |  4.7
Conjurations   | 1 |  1.7
Spellcasting   | 3 |  3.7
Fighting       | 1 |  1.0
Polearms       | 1 |  1.9
Short Blades   | |  0.8
Dodging        | |  2.4

Action                   |  1- 3 |  4- 6 || total
-------------------------+-------+-------++-------
Melee: Unarmed           |     6 |       ||     6
       Short sword       |    15 |    10 ||    25
       Constrict         |     4 |    10 ||    14
       Tentacles         |     2 |     6 ||     8
       Trident           |       |    45 ||    45
 Cast: Sting             |    72 |    31 ||   103
       Olgreb's Toxic Ra |       |     4 ||     4
  Use: Scroll            |       |     4 ||     4
 Stab: Sleeping          |     2 |     6 ||     8
  Eat: Chunk             |     4 |     9 ||    13
Armor: Skin              |     2 |     6 ||     8
Dodge: Dodged            |    19 |    33 ||    52
Block: Buckler           |       |     8 ||     8
